 Dungeon Crawl Stone Soup version 0.29-a0-477-g62b78b4225 (webtiles) character file.

Game seed: 11931048277289514859

401400 jlumianski the Demonic Cataclysm (level 22, -22/184 HPs)
             Began as a Demonspawn Fighter on May 24, 2022.
             Was a High Priest of Qazlal.
             Killed from afar by a tengu reaver (115 damage)
             ... with a bolt of cold
             ... on level 4 of the Vaults on May 25, 2022.
             The game lasted 06:46:54 (54349 turns).

jlumianski the Demonic Cataclysm (DsFi)            Turns: 54349, Time: 06:46:55

Health: -22/184    AC: 45    Str: 39    XL:     22   Next: 28%
Magic:  32/36      EV: 11    Int: 10    God:    Qazlal [*****.]
Gold:   1518       SH: 29    Dex: 15    Spells: 21/21 levels left

rFire   x . .      SeeInvis .   B - +7 war axe (vamp)
rCold   x . .      Faith    .   c - +3 buckler
rNeg    . . .      Spirit   .   R - +7 plate armour of Romelan {rC- Regen+ Stlth+}
rPois   +          Reflect  +   (helmet unavailable)
rElec   .          Harm     .   q - +2 cloak
rCorr   .          Rampage  .   E - +2 pair of gloves
Will    +....                   h - +1 pair of boots of the Dropbear {rPois rF- Str+8}
Stlth   ..........              r - amulet of reflection
HPRegen 1.20/turn               H - +6 ring of strength
MPRegen 0.25/turn               K - ring of the Tortoise {AC+8}

@: protected from physical damage, corroded, studying 2 skills, repel missiles
A: horns 3, rugged brown scales 2, foul stench 3, icemail 1, black mark,
condensation shield, bedeviling
}: 2/15 runes: serpentine, barnacled
a: Renounce Religion, Upheaval, Elemental Force, Disaster Area


You were on level 4 of the Vaults.
You worshipped Qazlal.
Qazlal was extremely pleased with you.
You visited 8 branches of the dungeon, and saw 40 of its levels.
You visited the Abyss 2 times.

You collected 4970 gold pieces.
You spent 3452 gold pieces at shops.

Inventory:

Hand Weapons
 k - a +2 demon trident of venom
 B - a +7 vampiric war axe (weapon)
Missiles
 v - 5 throwing nets
 F - 2 boomerangs of dispersal
 N - 21 boomerangs (quivered)
Armour
 b - +4 storm dragon scales {Bai Suzhen}
 c - a +3 buckler (worn)
 h - the +1 pair of boots of the Dropbear (worn) {rPois rF- Str+8}
   (You found it on level 4 of the Vaults)

   Str:       It affects your strength (+8).
   rF:        It makes you vulnerable to fire.
   rPois:     It protects you from poison.
 m - a +2 pair of boots
 q - a +2 cloak (worn)
 x - +0 gold dragon scales
 E - a +2 pair of gloves (worn)
 R - the +7 plate armour of Romelan (worn) {rC- Regen+ Stlth+}
   (You bought it in a shop on level 3 of the Elven Halls)

   rC:        It makes you vulnerable to cold.
   Regen:     It increases your rate of health regeneration.
   Stlth:     It makes you more stealthy.
Jewellery
 o - the ring of Pumunic {rF- rC+ Will+++ rCorr Str-3}
   (You found it on level 2 of the Vaults)

   [ring of protection from cold]

   Str:       It affects your strength (-3).
   rF:        It makes you vulnerable to fire.
   rC:        It protects you from cold.
   rCorr:     It protects you from acid and corrosion.
   Will:      It greatly increases your willpower.
 r - an amulet of reflection (around neck)
 D - a ring of ice
 H - a +6 ring of strength (left hand)
 I - the ring "Moab" {rPois rC++ EV+4 Int+4 SInv}
   (You took it off a deep elf death mage on level 2 of the Elven Halls)

   [ring of evasion]

   EV:        It affects your evasion (+4).
   Int:       It affects your intelligence (+4).
   rC:        It greatly protects you from cold.
   rPois:     It protects you from poison.
   SInv:      It lets you see invisible.
 K - the ring of the Tortoise (right hand) {AC+8}
   (You found it on level 7 of the Dungeon)

   [ring of protection]

   AC:        It affects your AC (+8).
 W - the ring of Ykuhas {Wiz Fly rC+++ rCorr Str-5}
   (You took it off a deep elf annihilator on level 3 of the Elven Halls)

   [ring of wizardry]

   It improves your spell success rate.
   Str:       It affects your strength (-5).
   rC:        It renders you almost immune to cold.
   Fly:       It grants you flight.
   rCorr:     It protects you from acid and corrosion.
Wands
 e - a wand of mindburst (10)
 n - a wand of polymorph (2)
 s - a wand of iceblast (21)
 G - a wand of digging (11)
 S - a wand of acid (7)
Scrolls
 a - 4 scrolls of magic mapping
 f - a scroll of torment
 j - 37 scrolls of identify
 u - 15 scrolls of teleportation
 z - 6 scrolls of fog
 A - a scroll of immolation
 J - 7 scrolls of poison
 P - 4 scrolls of summoning
 U - 4 scrolls of silence
 V - 7 scrolls of fear
 X - 7 scrolls of blinking
Potions
 d - 3 potions of cancellation
 g - 5 potions of heal wounds
 i - 2 potions of resistance
 l - 4 potions of berserk rage
 p - 6 potions of curing
 t - 6 potions of invisibility
 w - a potion of brilliance
 C - 6 potions of might
 L - 3 potions of haste
Miscellaneous
 M - a lightning rod (4/4)
 Q - a condenser vane
 Z - a phantom mirror


   Skills:
 + Level 15.5 Fighting
 - Level 15.9(16.0) Axes
 - Level 0.1(10.3) Maces & Flails
 + Level 1.6(10.5) Polearms
 + Level 1.2 Throwing
 + Level 12.6 Armour
 + Level 4.5 Dodging
 - Level 1.9 Stealth
 + Level 20.3 Shields
 * Level 21.3 Invocations
 * Level 17.1 Evocations


You had 21 spell levels left.
You didn't know any spells.
Your spell library contained the following spells:

 Spells                   Type           Power      Damage    Failure   Level
 Apportation              Tloc           0%         N/A       86%         1
 Summon Small Mammal      Summ           0%         N/A       86%         1
 Blink                    Tloc           0%         N/A       95%         2
 Ensorcelled Hibernation  Hex/Ice        0%         N/A       95%         2
 Passwall                 Tmut/Erth      0%         N/A       95%         2
 Searing Ray              Conj           0%         2d4       95%         2
 Static Discharge         Conj/Air       0%         N/A       95%         2
 Sublimation of Blood     Necr           0%         N/A       95%         2
 Call Canine Familiar     Summ           0%         N/A       99%         3
 Conjure Flame            Conj/Fire      0%         6-21      99%         3
 Dazzling Flash           Conj/Hex       0%         N/A       99%         3
 Frozen Ramparts          Ice            0%         1d2       99%         3
 Gell's Gravitas          Tloc           0%         N/A       99%         3
 Inner Flame              Hex/Fire       0%         N/A       99%         3
 Lesser Beckoning         Tloc           0%         N/A       99%         3
 Mephitic Cloud           Conj/Pois/Air  0%         N/A       99%         3
 Ozocubu's Armour         Ice            0%         N/A       99%         3
 Summon Guardian Golem    Hex/Summ       0%         N/A       99%         3
 Swiftness                Air            0%         N/A       99%         3
 Teleport Other           Tloc           0%         N/A       99%         3
 Anguish                  Hex/Necr       0%         N/A       100%        4
 Animate Dead             Necr           0%         N/A       100%        4
 Cause Fear               Hex            0%         N/A       100%        4
 Corpse Rot               Necr/Pois/Air  0%         N/A       100%        4
 Dispel Undead            Necr           0%         3d6       100%        4
 Leda's Liquefaction      Hex/Erth       0%         N/A       100%        4
 Passage of Golubria      Tloc           0%         N/A       100%        4
 Petrify                  Tmut/Erth      0%         N/A       100%        4
 Sticky Flame             Conj/Fire      0%         2d3       100%        4
 Summon Ice Beast         Ice/Summ       0%         N/A       100%        4
 Summon Lightning Spire   Summ/Air       0%         N/A       100%        4
 Agony                    Necr           0%         N/A       100%        5
 Alistair's Intoxication  Tmut/Pois      0%         N/A       100%        5
 Borgnjor's Vile Clutch   Necr/Erth      0%         N/A       100%        5
 Fireball                 Conj/Fire      0%         3d3       100%        5
 Freezing Cloud           Conj/Ice/Air   0%         6-21      100%        5
 Irradiate                Conj/Tmut      0%         3d13      100%        5
 Lightning Bolt           Conj/Air       0%         1d11      100%        5
 Manifold Assault         Tloc           0%         N/A       100%        5
 Metabolic Englaciation   Hex/Ice        0%         N/A       100%        5
 Silence                  Hex/Air        0%         N/A       100%        5
 Summon Forest            Summ/Tloc      0%         N/A       100%        5
 Summon Mana Viper        Hex/Summ       0%         N/A       100%        5
 Death Channel            Necr           0%         N/A       100%        6
 Dispersal                Tloc           0%         N/A       100%        6
 Eringya's Noxious Bog    Tmut/Pois      0%         N/A       100%        6
 Simulacrum               Ice/Necr       0%         N/A       100%        6
 Starburst                Conj/Fire      0%         6d3       100%        6
 Dragon Form              Tmut           0%         N/A       100%        7
 Monstrous Menagerie      Summ           0%         N/A       100%        7
 Storm Form               Tmut/Air       0%         N/A       100%        7
 Discord                  Hex            0%         N/A       100%        8
 Disjunction              Tloc           0%         N/A       100%        8
 Ignition                 Fire           0%         3d3       100%        8
 Lehudib's Crystal Spear  Conj/Erth      0%         10d2      100%        8
 Maxwell's Capacitive Co  Air            0%         ∞         100%        8
 Dragon's Call            Summ           0%         N/A       100%        9
 Polar Vortex             Ice            0%         N/A       100%        9


Dungeon Overview and Level Annotations

Branches:
Dungeon (15/15)            Temple (1/1) D:4            Lair (6/6) D:8
 Shoals (4/4) Lair:3        Snake (4/4) Lair:3        Slime (0/5) Lair:6
    Orc (2/2) D:9             Elf (3/3) Orc:2        Vaults (5/5) D:13
  Crypt (0/3) Vaults:3     Depths (0/4) D:15

Altars:
Ashenzari
Cheibriados
Dithmenos
Elyvilon
Fedhas
Gozag
Hepliaklqana
Kikubaaqudgha
Makhleb
Nemelex Xobeh
Okawaru
Qazlal
Ru
Sif Muna
Trog
Uskayaw
Vehumet
Wu Jian
Xom
Yredelemnul
Zin
The Shining One
Jiyva

Shops:
D:5 ?   D:10 :   D:12 :   D:14 *   Orc:2 !:?*   Elf:3 [   Shoals:1 ?
Shoals:3 *   Snake:1 ?   Snake:2 **=*   Snake:3 =:=   Snake:4 !   Vaults:2 (

Portals:
Trove: D:11 (give +3 gold dragon scales)

Annotations:
D:6 Maggie


Innate Abilities, Weirdness & Mutations

You have a pair of large horns on your head.
You are mostly covered in rugged brown scales. (AC +2, +5% HP)
You frequently emit foul miasma when damaged in melee.
A meltable icy envelope protects you from harm. (AC +4)
Your melee attacks may debilitate your foes.
A meltable shield of frost defends you. (SH +4)
Your hexes are more powerful.


Message History

Qazlal accepts your kill.
You slash the deep troll! The tengu reaver casts a spell at you.
The bolt of cold is repelled.
You slash the deep elf high priest!
You feel better.
You headbutt the deep elf high priest!
You kill the deep elf high priest!
Qazlal accepts your kill.
You hit the deep troll.
You feel better.
You barely miss the storm dragon. You slice the ironbound convoker!!
You kill the ironbound convoker!
Qazlal accepts your kill.
You hit the tengu reaver but do no damage.
The deep troll closely misses you.
The deep troll claws you but does no damage.
You block the deep troll's attack. The phantasmal warrior gestures at you.
The phantasmal warrior blinks!
The tengu reaver hits you with a +0 great mace!
You block the tengu reaver's attack. x2
You completely miss the deep troll.
The deep troll is moderately wounded.
You slash the storm dragon!
The storm dragon looks weaker.
You hit the tengu reaver.
The tengu reaver's magic leaks into the air.
The tengu reaver's magic is no longer disrupted.
You block the storm dragon's attack. x3
The phantasmal warrior gestures at you.
The phantasmal warrior blinks!
The deep troll bites you! The deep troll closely misses you. x2
You closely miss the deep troll. Your headbutt misses the deep troll.
The deep troll is moderately wounded.
You slice the tengu reaver!!
You hit the storm dragon but do no damage.
The storm dragon bites you but does no damage.
You block the storm dragon's attack. x2
The tengu reaver gestures at you while chanting.
The bolt of cold hits you!!!!
You feel a terrible chill!
Ouch! That really hurt!
You die...

###..#...## #### #.......## #...
## ###### ####......#####.. .##
####....###.##).....##.###. ..##
#..#.##.+....§#...#..'..##. ...##
#..#.##.+......##....'...#.
##..###'##....+..○☼..##....#...'.
.#...#....#'###D)Q°W..###..#..##.
.###.#.##.#..###@☼)..## #..#.###.
#....#.##.#..# ##T§..# #######..
#..#.'....#### ###### #...
#.#..###### ##### ##### .....#
####...### #.... ####'#####
##........## #.... ####.....#
##...####...# #.... ...##...##
#...######..## #.... ...##...##
#...#...###..# #....


You could see a storm dragon (weak), a tengu reaver (strong, empowered), a deep
troll and a phantasmal warrior.

Vanquished Creatures
  A dread lich (Vaults:4)
  Bai Suzhen (Vaults:4)
  Nikola (Elf:1)
  2 golden dragons (Vaults:4)
  2 bone dragons
  Jorgrun (Elf:2)
  The ghost of spiderkeys the Warrior, an adept OgAK of Lugonu (Shoals:3)
  A lich (Vaults:4)
  A titan (Vaults:4)
  3 tentacled monstrosities
  2 deep elf blademasters
  2 deep elf master archers (Elf:3)
  2 quicksilver dragons
  Frances (Snake:1)
  The ghost of Hadeweugop the Black Sun, an adept DsNe of Kikubaaqudgha (Shoals:2)
  2 sphinxes (Vaults:4)
  A storm dragon (Vaults:4)
  A tengu reaver (Vaults:4)
  A shadow dragon (Vaults:4)
  Kirke (D:15)
  A frost giant (Shoals:3)
  A fire giant (Vaults:4)
  11 vault wardens
  9 nagarajas
  2 orc warlords
  4 deep elf sorcerers
  A caustic shrike zombie (Abyss:2)
  7 deep elf elementalists
  15 ironbound preservers
  6 ironbound thunderhulks
  5 very ugly things
  9 deep elf annihilators
  An entropy weaver (Vaults:4)
  A stone giant (Vaults:4)
  A vampire knight (Vaults:2)
  5 deep elf demonologists
  An eidolon (Vaults:2)
  8 dire elephants (Vaults:2)
  3 ettins
  Snorg (D:12)
  9 deep elf death magi
  Josephine (D:12)
  5 merfolk javelineers
  13 merfolk impalers
  5 great orbs of eyes
  4 deep elf high priests
  14 yaktaur captains
  2 rakshasas
  A boulder beetle (D:14)
  Harold (D:11)
  A great orb of eyes (shapeshifter) (Vaults:4)
  9 hydras
  4 merfolk avatars
  13 centaur warriors
  A peacekeeper (Vaults:2)
  28 vault guards
  5 catoblepae
  5 ironbound frosthearts
  3 ogre magi
  An alligator snapping turtle (Shoals:3)
  12 two-headed ogres
  A death knight (D:13)
  32 dancing weapons
  13 naga warriors
  5 merfolk aquamancers
  3 satyrs
  10 anacondas
  13 death yaks
  A deep troll earth mage (Vaults:4)
  A tengu warrior (D:14)
  An orc high priest (Elf:1)
  A vampire mage (Vaults:3)
  10 shock serpents
  16 naga sharpshooters
  Nergalle (Lair:2)
  14 deep elf knights
  8 skeletal warriors
  A glowing orange brain (D:15)
  17 sea snakes
  6 naga ritualists
  3 salamander mystics
  51 deep trolls
  16 ironbound convokers
  An obsidian statue (Vaults:2)
  5 large abominations (Abyss:2)
  17 deep elf archers
  4 wizards
  A lindwurm (shapeshifter) (Vaults:4)
  5 phantasmal warriors
  3 orc knights
  22 harpies
  2 necromancers (Vaults:3)
  29 deep elf zephyrmancers
  A wolf spider (D:15)
  4 lindwurms
  16 ugly things
  14 mana vipers
  24 deep elf pyromancers
  17 manticores
  5 orc sorcerers
  2 fauns (Shoals:2)
  11 salamanders
  A moth of wrath (Shoals:2)
  7 cyclopes
  An elephant (shapeshifter) (Vaults:4)
  A fire giant skeleton (Vaults:3)
  A stone giant skeleton (Vaults:3)
  A human skeleton (Vaults:3)
  13 elephants
  3 guardian serpents
  12 merfolk sirens
  9 vault sentinels
  A black mamba (shapeshifter) (D:15)
  19 naga magi
  3 apocalypse crabs (Abyss:2)
  43 black mambas
  An orange demon (Abyss:2)
  7 water nymphs
  A rust devil (Abyss:2)
  2 torpor snails (Lair:6)
  A yaktaur zombie (Vaults:3)
  Joseph (D:7)
  2 cane toads
  3 gargoyles
  A demonic crawler (Abyss:2)
  2 unseen horrors (D:11)
  3 rime drakes
  A kobold demonologist (D:13)
  24 yaktaurs
  An efreet (D:14)
  10 komodo dragons
  A tengu conjurer (D:13)
  2 freezing wraiths (D:12)
  25 merfolk
  A red devil (D:14)
  A meliai (D:13)
  16 trolls
  2 polar bears (Lair:4)
  A wolf spider simulacrum (D:14)
  2 wind drakes (Shoals:1)
  8 blink frogs
  4 raiju (Abyss:2)
  42 slime creatures
  3 hornets
  6 snapping turtles
  An elf zombie (Vaults:3)
  A blink frog (shapeshifter) (D:14)
  8 dream sheep
  6 air elementals
  A shadow (D:13)
  19 water elementals
  A fire bat (shapeshifter) (D:13)
  2 vampires
  7 wraiths
  2 wyverns
  4 hogs (D:15)
  3 golden eyes (Abyss:2)
  5 basilisks
  56 yaks
  A fire elemental (Elf:2)
  A neqoxec (Abyss:2)
  A chaos spawn (Abyss:2)
  5 steam dragons
  Grum (D:11)
  3 redbacks
  11 vampire mosquitoes
  Edmund (D:6)
  36 nagas
  6 small abominations (Abyss:2)
  12 water moccasins
  Duvessa (D:6)
  2 ice beasts (D:6)
  21 orc warriors
  3 sky beasts
  A black bear (D:5)
  24 ogres
  41 wolves
  6 boggarts
  3 centaurs
  A kobold brigand (D:10)
  Blork the orc (D:5)
  3 glowing shapeshifter simulacra (Vaults:3)
  A gnoll sergeant (D:9)
  9 bullfrogs
  A necrophage (D:5)
  2 scorpions
  10 wights
  Dowan (D:6)
  6 killer bees
  4 howler monkeys
  12 electric eels
  A crimson imp (D:7)
  3 jellies (D:6)
  A quasit (Abyss:2)
  15 orc priests
  11 hounds
  2 gnoll shamans
  2 iron imps
  Jessica (D:2)
  Terence (D:2)
  2 iguanas (D:5)
  23 orc wizards
  18 gnolls
  5 adders
  3 white imps
  An ufetubus (Abyss:2)
  5 dart slugs
  82 orcs
  3 endoplasms
  3 giant cockroaches
  7 goblins
  4 hobgoblins
  7 jackals
  8 kobolds
  3 quokkas
  6 ball pythons
  2 bats
  2 frilled lizards
  5 rats (D:1)
  A bush (Elf:2)
1527 creatures vanquished.

Vanquished Creatures (collateral kills)
  A deep elf blademaster (Elf:3)
  Polyphemus (Shoals:4)
  Agnes (Snake:2)
  A deep elf sorcerer (Elf:1)
  Aizul (Snake:1)
  A curse skull (Vaults:3)
  2 ironbound thunderhulks (Vaults:2)
  A deep elf annihilator (Elf:3)
  A boulder beetle (Vaults:2)
  2 merfolk aquamancers (Shoals:3)
  A two-headed ogre (Orc:1)
  An ironbound frostheart (Vaults:2)
  A dancing weapon (Elf:1)
  3 death yaks
  2 naga sharpshooters
  3 slime creatures (D:15)
  A skeletal warrior (D:15)
  2 sea snakes
  An orc knight (Orc:1)
  A deep elf zephyrmancer (Elf:1)
  A faun (Shoals:2)
  4 deep elf pyromancers
  3 salamanders
  3 merfolk sirens
  2 naga magi
  A merfolk (Shoals:3)
  A troll (Orc:1)
  A snapping turtle (Shoals:3)
  A water elemental (Shoals:1)
  4 nagas
  A water moccasin (D:7)
  2 orc warriors
  2 ogres
  4 orc wizards
  2 orcs (Orc:1)
60 creatures vanquished.

Vanquished Creatures (others)
  An ironbound preserver (Vaults:3)
  2 deep elf knights
  A harpy (Shoals:4)
  2 deep elf pyromancers
  2 manticores
  A merfolk siren (Shoals:3)
  A boggart (Vaults:1)
  An orc priest (D:12)
  An orc wizard (Orc:2)
  A gnoll (D:8)
  2 orcs (Orc:2)
  23 fungi
  124 plants
162 creatures vanquished.

Grand Total: 1749 creatures vanquished

Notes
Turn   | Place    | Note
-------+----------+-------------------------------------------
     0 | D:1      | jlumianski the Demonspawn Fighter began the quest for the
                  | Orb.
     0 | D:1      | Reached XP level 1. HP: 18/18 MP: 1/1
     3 | D:1      | Noticed an electric eel
    32 | D:1      | Noticed an electric eel
   136 | D:1      | Gained mutation: A meltable shield of frost defends you.
                  | (SH +4) [demonic ancestry]
   136 | D:1      | Reached XP level 2. HP: 13/24 MP: 2/2
   445 | D:2      | Reached XP level 3. HP: 19/29 MP: 3/3
   917 | D:1      | Found a faded altar of an unknown god.
  1131 | D:2      | Noticed Jessica
  1152 | D:2      | Killed Jessica
  1153 | D:2      | Gained mutation: A meltable icy envelope protects you from
                  | harm. (AC +4) [demonic ancestry]
  1153 | D:2      | Reached XP level 4. HP: 34/35 MP: 4/4
  1433 | D:3      | Noticed Terence
  1577 | D:2      | Killed Terence
  1578 | D:2      | Gained mutation: You may rarely emit foul miasma when
                  | damaged in melee. [demonic ancestry]
  1578 | D:2      | Reached XP level 5. HP: 37/42 MP: 5/5
  2030 | D:4      | Reached skill level 1 in Dodging
  2139 | D:4      | Reached XP level 6. HP: 48/48 MP: 6/6
  2295 | D:4      | Found a staircase to the Ecumenical Temple.
  2312 | Temple   | Entered the Ecumenical Temple
  2359 | Temple   | Became a worshipper of Qazlal Stormbringer
  2426 | D:4      | Found a snail-covered altar of Cheibriados.
  2878 | D:5      | Entered Level 5 of the Dungeon
  2983 | D:5      | Noticed Blork the orc
  2992 | D:5      | Killed Blork the orc
  3002 | D:5      | Noticed a sky beast
  3023 | D:5      | Killed a sky beast
  3024 | D:5      | Gained mutation: You have a pair of small horns on your
                  | head. [demonic ancestry]
  3024 | D:5      | Reached XP level 7. HP: 55/55 MP: 7/7
  3047 | D:5      | Reached skill level 1 in Stealth
  3087 | D:5      | Found Pal Inem's Magic Scroll Shop.
  3239 | D:5      | Reached skill level 5 in Axes
  3881 | D:5      | Bought 2 scrolls of enchant armour for 225 gold pieces
  3881 | D:5      | Bought a scroll of identify for 30 gold pieces
  3881 | D:5      | Bought a scroll of identify for 30 gold pieces
  3971 | D:5      | Gained mutation: You have a pair of horns on your head.
                  | [demonic ancestry]
  3971 | D:5      | Reached XP level 8. HP: 61/61 MP: 8/8
  4046 | D:6      | Noticed Edmund
  4070 | D:6      | Killed Edmund
  4071 | D:6      | Reached skill level 1 in Polearms
  4071 | D:6      | Reached skill level 5 in Shields
  4071 | D:6      | Reached skill level 1 in Invocations
  4071 | D:6      | Reached skill level 1 in Evocations
  4177 | D:6      | Reached * piety under Qazlal
  4189 | D:6      | Reached skill level 2 in Invocations
  4483 | D:6      | Reached skill level 3 in Invocations
  4693 | D:6      | Gained mutation: You are partially covered in rugged brown
                  | scales. (AC +1, +3% HP) [demonic ancestry]
  4693 | D:6      | Reached XP level 9. HP: 42/69 MP: 11/11
  4719 | D:6      | Noticed Dowan
  4722 | D:6      | Noticed Duvessa
  4731 | D:6      | Killed Duvessa
  4738 | D:6      | Killed Dowan
  4839 | D:6      | Noticed Maggie
  4882 | D:6      | Found a shadowy altar of Dithmenos.
  4933 | D:7      | Reached skill level 5 in Fighting
  4984 | D:7      | Found a sacrificial altar of Ru.
  4989 | D:7      | Found a sparkling altar of Nemelex Xobeh.
  4989 | D:7      | Found an ornate altar of the Wu Jian Council.
  5332 | D:6      | Paralysed by a hornet for 1 turns
  5348 | D:6      | Reached skill level 4 in Invocations
  5427 | D:7      | Noticed Joseph
  5450 | D:7      | Killed Joseph
  5704 | D:7      | Found the ring of the Tortoise {AC+8}
  6000 | D:8      | Noticed a troll
  6040 | D:7      | Reached skill level 5 in Invocations
  6040 | D:7      | Killed a troll
  6076 | D:7      | Reached ** piety under Qazlal
  6097 | D:7      | Reached XP level 10. HP: 76/76 MP: 12/14
  6153 | D:8      | Reached skill level 5 in Armour
  6597 | D:8      | Found a staircase to the Lair.
  7018 | D:8      | Found a shimmering altar of Xom.
  7018 | D:8      | Found a radiant altar of Vehumet.
  7019 | D:8      | Found a basalt altar of Yredelemnul.
  7261 | D:9      | Reached skill level 6 in Invocations
  7278 | D:9      | Reached skill level 5 in Evocations
  7346 | D:8      | Reached *** piety under Qazlal
  7707 | D:8      | Paralysed by a hornet for 3 turns
  8421 | D:10     | Entered Level 10 of the Dungeon
  8508 | D:9      | Reached skill level 7 in Invocations
  8563 | D:9      | Gained mutation: You are mostly covered in rugged brown
                  | scales. (AC +2, +5% HP) [demonic ancestry]
  8563 | D:9      | Reached XP level 11. HP: 78/85 MP: 16/16
  8671 | D:9      | Found a staircase to the Orcish Mines.
  9186 | D:10     | Reached **** piety under Qazlal
  9534 | D:10     | Found Rioprino's Book Shop.
 10153 | D:11     | Noticed Harold
 10169 | D:11     | Killed Harold
 10170 | D:11     | Reached skill level 8 in Invocations
 10299 | D:11     | Noticed Grum
 10312 | D:11     | Killed Grum
 10514 | D:11     | Reached skill level 10 in Axes
 10528 | D:11     | Found a portal to a secret trove of treasure.
 11057 | D:12     | Noticed Snorg
 11075 | D:12     | Killed Snorg
 11381 | D:12     | Reached skill level 9 in Invocations
 11536 | D:12     | Reached ***** piety under Qazlal
 11548 | D:12     | Gained mutation: Your hexes are more powerful. [demonic
                  | ancestry]
 11548 | D:12     | Reached XP level 12. HP: 82/95 MP: 18/18
 11797 | D:12     | Noticed Josephine
 11812 | D:12     | Killed Josephine
 11837 | D:12     | Found Woag's Book Boutique.
 12204 | D:13     | Noticed a two-headed ogre
 12400 | D:12     | Killed a two-headed ogre
 12502 | D:13     | Identified the +1 robe of Distant Worlds {rC+ Will+ Stlth+}
 12762 | D:13     | Noticed a death knight
 12950 | D:13     | Reached skill level 10 in Invocations
 13265 | D:13     | Reached skill level 10 in Shields
 13298 | D:13     | Noticed a vault guard
 13299 | D:13     | Killed a death knight
 13352 | D:12     | Killed a vault guard
 13511 | D:13     | Noticed a vault guard
 13523 | D:13     | Noticed a rakshasa
 13691 | Orc:1    | Entered Level 1 of the Orcish Mines
 13902 | Orc:1    | Gained mutation: You sometimes emit foul miasma when
                  | damaged in melee. [demonic ancestry]
 13902 | Orc:1    | Reached XP level 13. HP: 98/100 MP: 14/20
 14070 | Orc:2    | Entered Level 2 of the Orcish Mines
 14239 | Orc:2    | Reached skill level 11 in Invocations
 14582 | Orc:2    | Noticed an orc warlord
 14584 | Orc:2    | Found Cuanulufi's Distillery.
 14584 | Orc:2    | Noticed an ettin
 14713 | Orc:1    | Killed an orc warlord
 14776 | Orc:1    | Killed an ettin
 15069 | Orc:1    | Paralysed by an orc sorcerer for 4 turns
 15121 | Orc:1    | Reached skill level 12 in Invocations
 15871 | Orc:2    | Found Sost's Book Shop.
 15874 | Orc:2    | Bought a potion of heal wounds for 85 gold pieces
 15876 | Orc:2    | Found Ahiow's Magic Scroll Emporium.
 15877 | Orc:2    | Found Naut's Assorted Antiques.
 15885 | Orc:2    | Bought a wand of acid (4) for 208 gold pieces
 15890 | Orc:2    | Bought a scroll of enchant weapon for 112 gold pieces
 15890 | Orc:2    | Bought a scroll of blinking for 112 gold pieces
 15890 | Orc:2    | Bought a scroll of blinking for 112 gold pieces
 15890 | Orc:2    | Bought a scroll of enchant armour for 112 gold pieces
 15916 | Orc:2    | Found a staircase to the Elven Halls.
 16213 | Orc:2    | Reached XP level 14. HP: 106/110 MP: 23/23
 16610 | Lair:1   | Entered Level 1 of the Lair of Beasts
 17664 | Lair:2   | Noticed Nergalle
 17676 | Lair:2   | Killed Nergalle
 18524 | Lair:3   | Found a staircase to the Snake Pit.
 18562 | Lair:3   | You fall into a shaft and drop 3 floors!
 18562 | Lair:6   | Entered Level 6 of the Lair of Beasts
 18563 | Lair:6   | Reached ****** piety under Qazlal
 18574 | Lair:6   | Reached skill level 10 in Evocations
 18659 | Lair:6   | Reached skill level 13 in Invocations
 18838 | Lair:3   | Got Vuwayd's Early Guide to Witchcraft
 19117 | Lair:3   | Found a staircase to the Shoals.
 21305 | Lair:5   | Gained mutation: Your melee attacks may debilitate your
                  | foes. [demonic ancestry]
 21305 | Lair:5   | Reached XP level 15. HP: 117/117 MP: 25/25
 22407 | Lair:6   | Found a viscous altar of Jiyva.
 22408 | Lair:6   | Found a staircase to the Slime Pits.
 23030 | D:13     | Found a gate to the Vaults.
 23159 | D:13     | Cast into level 2 of the Abyss (a wizard)
 23232 | Abyss:2  | Noticed a bone dragon
 23261 | Abyss:2  | Killed a bone dragon
 23415 | Abyss:2  | Noticed a bone dragon
 23421 | D:13     | Escaped the Abyss
 23803 | D:13     | Killed a bone dragon
 23804 | D:13     | Reached skill level 14 in Invocations
 24651 | D:14     | Found Jupriff's Assorted Antiques.
 24659 | D:14     | Bought a spiked plate armour for 1176 gold pieces
 24659 | D:14     | Identified the +0 plate armour of Eternal Vigilance {+Inv
                  | rN+ Int+6 Stlth-} (You bought it in a shop on level 14 of
                  | the Dungeon)
 24744 | D:15     | Entered Level 15 of the Dungeon
 24842 | D:15     | Noticed Kirke
 24859 | D:15     | Noticed a sphinx
 24867 | D:15     | Killed Kirke
 24949 | D:15     | Identified the +0 leather armour "Zamucw" {Regen+ Str+2
                  | Int+2 Slay+3}
 25482 | D:15     | Reached XP level 16. HP: 127/127 MP: 26/26
 25527 | D:15     | Found a staircase to the Depths.
 25863 | Snake:1  | Entered Level 1 of the Snake Pit
 26257 | Snake:1  | Reached skill level 10 in Fighting
 26264 | Snake:1  | Reached skill level 15 in Invocations
 26595 | Snake:1  | Noticed Aizul
 26603 | Snake:1  | Noticed Frances
 26620 | Snake:1  | Killed Aizul
 26634 | Snake:1  | Killed Frances
 26725 | Snake:1  | Found Utroom's Magic Scroll Shoppe.
 26734 | Snake:1  | Bought a scroll of enchant weapon for 127 gold pieces
 26734 | Snake:1  | Bought a scroll of blinking for 127 gold pieces
 27752 | Snake:2  | Found Baijeren's Assorted Antiques.
 27752 | Snake:2  | Found Rinn's Assorted Antiques.
 27754 | Snake:2  | Found Wazalas's Jewellery Emporium.
 27756 | Snake:2  | Found Xauwk's General Store.
 27909 | Snake:2  | Reached skill level 15 in Axes
 27933 | Snake:2  | Noticed Agnes
 27942 | Snake:2  | Killed Agnes
 28079 | Snake:2  | Reached XP level 17. HP: 92/135 MP: 16/28
 29460 | Snake:3  | Found Otoh's Jewellery Shoppe.
 29464 | Snake:3  | Found Murricz Jiaf's Book Shop.
 29465 | Snake:3  | Found Xomosa's Jewellery Shoppe.
 29643 | Snake:4  | Entered Level 4 of the Snake Pit
 29867 | Snake:4  | Reached skill level 16 in Invocations
 30495 | Snake:4  | Reached skill level 15 in Shields
 31482 | Snake:4  | Found Ydotihyu's Distillery.
 31651 | Snake:4  | Got a serpentine rune of Zot
 31928 | Shoals:1 | Entered Level 1 of the Shoals
 31928 | Shoals:1 | Found Qev Epud's Magic Scroll Shoppe.
 32239 | Shoals:1 | Bought a scroll of blinking for 120 gold pieces
 32239 | Shoals:1 | Bought a scroll of blinking for 120 gold pieces
 33045 | Shoals:2 | Gained mutation: You frequently emit foul miasma when
                  | damaged in melee. [demonic ancestry]
 33045 | Shoals:2 | Reached XP level 18. HP: 102/144 MP: 30/30
 33055 | Shoals:2 | Noticed Hadeweugop's ghost (adept DsNe)
 33067 | Shoals:2 | Found a bloodstained altar of Trog.
 33089 | Shoals:2 | Found a transporter.
 33133 | Shoals:2 | Found a transporter.
 33753 | Shoals:2 | Reached skill level 17 in Invocations
 33780 | Shoals:2 | Killed Hadeweugop's ghost
 33881 | Shoals:3 | Found Kogy's Overcharged Wands.
 34543 | Shoals:3 | Noticed spiderkeys's ghost (adept OgAK)
 34544 | Shoals:3 | Found a runed translucent gate.
 34545 | Shoals:3 | Found a runed translucent gate.
 34547 | Shoals:3 | Found a runed translucent gate.
 34591 | Shoals:3 | Reached skill level 10 in Armour
 34928 | Shoals:3 | Killed spiderkeys's ghost
 34950 | Shoals:3 | Identified the +3 cloak of Numnung {rF+ Str-4 Dex+4}
 35131 | Shoals:4 | Entered Level 4 of the Shoals
 35175 | Shoals:4 | Identified the +6 falchion of Divine Forgiveness {flame,
                  | rN++ MP+9 Str+4}
 36730 | Shoals:4 | Noticed Polyphemus
 36748 | Shoals:4 | Killed Polyphemus
 37421 | Shoals:4 | Got a barnacled rune of Zot
 37621 | Shoals:4 | Identified the ring of Nakkeh {Will+ Dex+2 Stlth+}
 38174 | Elf:1    | Entered Level 1 of the Elven Halls
 38222 | Elf:1    | Paralysed by an air elemental for 1 turns
 38600 | Elf:1    | Reached skill level 1 in Throwing
 38687 | Elf:1    | Paralysed by an air elemental for 1 turns
 38706 | Elf:1    | Paralysed by an air elemental for 1 turns
 38710 | Elf:1    | Paralysed by an air elemental for 1 turns
 38743 | Elf:1    | Reached XP level 19. HP: 94/153 MP: 31/31
 38919 | Elf:2    | Reached skill level 18 in Invocations
 39285 | Elf:1    | Noticed Nikola
 39669 | Elf:1    | Killed Nikola
 40179 | Elf:1    | Got the Disquisition on Attacks and Calling
 40890 | Elf:2    | Noticed Jorgrun
 40899 | Elf:2    | Killed Jorgrun
 41033 | Elf:2    | Found a shimmering blue altar of Sif Muna.
 41327 | Elf:2    | Found a huge runed translucent gate.
 41327 | Elf:2    | Found a huge runed translucent gate.
 41327 | Elf:2    | Found a huge runed translucent gate.
 41327 | Elf:2    | Found a huge runed translucent gate.
 41327 | Elf:2    | Found a huge runed translucent gate.
 42358 | Elf:2    | Reached skill level 15 in Evocations
 42877 | Elf:3    | Entered Level 3 of the Elven Halls
 42964 | Elf:3    | Found Yrgham's Antique Armour Shoppe.
 42999 | Elf:3    | Bought a pitted plate armour for 756 gold pieces
 42999 | Elf:3    | Identified the +7 plate armour of Romelan {rC- Regen+
                  | Stlth+} (You bought it in a shop on level 3 of the Elven
                  | Halls)
 43030 | Elf:3    | Paralysed by an air elemental for 1 turns
 44009 | Elf:3    | Paralysed by an air elemental for 1 turns
 44012 | Elf:3    | Paralysed by an air elemental for 1 turns
 44023 | Elf:3    | Cast into level 2 of the Abyss (a deep elf demonologist)
 44066 | Elf:3    | Escaped the Abyss
 44153 | Elf:3    | Reached skill level 19 in Invocations
 44479 | Elf:3    | Reached XP level 20. HP: 130/154 MP: 33/33
 44653 | Elf:3    | Identified the ring of Ykuhas {Wiz Fly rC+++ rCorr Str-5}
 44853 | Elf:3    | Identified the ring "Moab" {rPois rC++ EV+4 Int+4 SInv}
 45134 | Elf:3    | Identified the ring of Pijoskudgh {Fire Will++ Str+5}
 45747 | Elf:3    | Identified the +4 glaive "Orb Guardian's Doom" {speed,
                  | *Rage rPois Int+7 Stlth+}
 46246 | Elf:3    | Identified the +6 longbow of Paawkiwu {venom, rF+ SInv}
 46253 | Elf:3    | Got the Volume of Poisonous Black Rituals
 46264 | Elf:3    | Got the Catalogue of Translocation and the Escort
 46272 | Elf:3    | Got the Tome of Ashen Attacks
 46987 | Vaults:1 | Entered Level 1 of the Vaults
 48209 | Vaults:2 | Found Vankiyg's Weapon Shoppe.
 48254 | Vaults:2 | Identified the ring of Pumunic {rF- rC+ Will+++ rCorr
                  | Str-3}
 49159 | Vaults:2 | Reached skill level 20 in Invocations
 49854 | Vaults:3 | Gained mutation: You have a pair of large horns on your
                  | head. [demonic ancestry]
 49854 | Vaults:3 | Reached XP level 21. HP: 172/172 MP: 35/35
 50311 | Vaults:3 | Found a staircase to the Crypt.
 52372 | Vaults:4 | Noticed Bai Suzhen
 52386 | Vaults:4 | Killed Bai Suzhen
 52577 | Vaults:4 | Identified the +1 pair of boots of the Dropbear {rPois rF-
                  | Str+8}
 53343 | Vaults:5 | Entered Level 5 of the Vaults
 53344 | Vaults:5 | Noticed a golden dragon
 53405 | Vaults:4 | Reached skill level 15 in Fighting
 53457 | Vaults:4 | Killed a golden dragon
 53513 | Vaults:5 | Noticed a dread lich
 53529 | Vaults:4 | Reached skill level 21 in Invocations
 53567 | Vaults:4 | Killed a dread lich
 53612 | Vaults:4 | Reached XP level 22. HP: 183/183 MP: 36/36
 53926 | Vaults:5 | Noticed a golden dragon
 54049 | Vaults:4 | Killed a golden dragon
 54349 | Vaults:4 | Killed from afar by a tengu reaver

Illustrated notes

Levels and vault maps discovered:
D:1:      arrival_aquarium_b, layout_loops_ring, serial_glass, glass_columns_c,
          glass_columns_a, glass_columns_c, glass_columns_a, glass_columns_a,
          glass_columns_c, glass_columns_a, glass_columns_c,
          basic_ecumenical_altar, minmay_pentomino_p2
D:2:      layout_rooms, chequers_serial_rivers_large_a, uniq_jessica
D:3:      layout_rooms, uniq_terence
D:4:      layout_gridville, nicolae_overflow_crystal_walls,
          minmay_temple_entry_proselytizer, kennysheep_generic_room_4
D:5:      layout_loops_ring, chequers_serial_rivers_marsh,
          minmay_misc_feat_pillars, minmay_crystal_water,
          nicolae_inconvenience_store, chequers_jeans, hangedman_decor_growths,
          uniq_blork_the_orc
D:6:      layout_basic, grunt_dithmenos_smoke_and_mirrors, elyvilon_altar_1,
          nicolae_ossuary_entry_plus, uniq_duvessa, uniq_edmund, uniq_maggie
D:7:      layout_cave_pools, grunt_temple_overflow_open, minmay_fire_ice_demons,
          uniq_joseph
D:8:      layout_cave_pools, gammafunk_temple_overflow_claw, erik_lair_island
D:9:      layout_loops_ring, erik_orc_2
D:10:     layout_loops_cross, serial_shops, kennysheep_mini_moat, serial_rivers,
          chequers_serial_rivers_small_b, chequers_serial_rivers_micro_c,
          chequers_serial_rivers_micro_e, chequers_serial_rivers_marsh,
          chequers_serial_rivers_micro_a, chequers_serial_rivers_micro_e
D:11:     layout_rooms, enter_trove_1, uniq_harold, uniq_grum
D:12:     layout_basic, serial_shops, shop_fountains, kennysheep_boxes,
          uniq_snorg, uniq_josephine
D:13:     layout_loops_ring, lightli_vaults_fourway_checkpoint,
          bh_walls_and_bars
D:14:     kennysheep_demon_hangout, layout_basic, serial_shops, shop,
          chequers_serial_rivers_marsh
D:15:     gammafunk_enter_depths_forms, layout_cross, serial_park_tiny_1,
          uniq_kirke
Temple:   cyrus_circular_temple
Lair:1:   layout_long_grid
Lair:2:   layout_roguey, uniq_nergalle
Lair:3:   layout_big_grid, elwin_shoals_entry_stream,
          guppyfry_snake_entry_garden, dreamdust_mushroom_princess,
          grunt_forest_large_clearings
Lair:4:   layout_regular_city, beast_lair_carwin_3
Lair:5:   layout_regular_city
Lair:6:   evilmike_catoblepas_cave, layout_misc_corridors,
          dpeg_slime_entry_enclosed_altar, serial_bayou_crossing
Shoals:1: layout_shoals, serial_shops, shop_fountains
Shoals:2: layout_shoals, gammafunk_ghost_wrathful_warriors
Shoals:3: cheibrodos_shoals_baths, layout_shoals, gammafunk_ghost_tricky_traps,
          nicolae_shop_overcharged_wands
Shoals:4: shoals_end_grunt_ice, layout_shoals, uniq_polyphemus
Snake:1:  layout_gridlike, serial_shops, nicolae_shop_behind_doors, drop_trap,
          serial_bayou_shore_b, uniq_frances, uniq_aizul
Snake:2:  hangedman_cross_stitches, layout_onion, nicolae_snake_coiling_death,
          minmay_shoptagon, serial_bayou_shore_b, uniq_agnes
Snake:3:  layout_grid_maze, minmay_shop_grove, grunt_megastairs_2
Snake:4:  grunt_snake_rune_pools, layout_cave_town, serial_shops, shop
Orc:1:    layout_caves
Orc:2:    st_orc_open, layout_caves
Elf:1:    eino_elf_arrival_shootout, layout_geoelf_diagonals,
          minmay_elf_sorcery, st_stairs_9, nicolae_elf_blasts_and_bolts,
          uniq_nikola
Elf:2:    elven_hall_of_blades_hangedman_alternative [nicolae_blade_bullseye],
          layout_geoelf_diagonals, basic_altar, uniq_jorgrun
Elf:3:    elf_hall, layout_onion_city, serial_glass, glass_columns_a,
          glass_columns_a, feat_on_display, serial_shops, shop,
          minmay_crystal_room, minmay_misc_feat_ornament
Vaults:1: vaults_room_pools, v_misc_13, grunt_vaults_diagonal,
          vaults_room_semicircle, nicolae_vaults_border_crossing,
          ontoclasm_vaults_gateway, hangedman_vaults_restitches,
          layout_vaults_quadrants
Vaults:2: hangedman_vaults_stream, ontoclasm_vaults_eye, vaults_mumra_minichess,
          v_misc_26, vaults_room_hallway, nicolae_vaults_stairing_the_circle,
          nicolae_vaults_mini_display_case, vaults_dpeg_hooks,
          ontoclasm_vaults_shuriken, vaults_room_pool,
          nicolae_vaults_statue_guard, nicolae_vaults_little_squares_3,
          layout_vaults_big_room, serial_shops,
          nicolae_shop_bloodbath_and_beyond
Vaults:3: vaults_dpeg_ring, grunt_vaults_trifunnel, nicolae_vaults_theta,
          v_misc_27, vaults_dpeg_cross, v_alt_pattern_6,
          nicolae_vaults_diagonal_hallway_7, v_rooms_5,
          minmay_crypt_entry_simple_corners, ontoclasm_vaults_hangar,
          hangedman_vaults_cutoff, ontoclasm_vaults_ligature, vaults_mumra_hex,
          nicolae_vaults_little_squares_2, ontoclasm_vaults_ring_large,
          nicolae_vaults_ring_of_whatevers, layout_vaults_omnibox
Vaults:4: v_misc_29, hangedman_vaults_maws, nicolae_vaults_ninety_degrees,
          vaults_dpeg_spiral, v_alt_pattern_6, grunt_vaults_hallway_short,
          nicolae_vaults_little_squares_6, hangedman_vaults_capsules,
          nicolae_vaults_little_squares_4, hangedman_vaults_corner_blocks,
          grunt_vaults_hallway_short, grunt_vaults_bifocal,
          vaults_dpeg_encased_lava, nicolae_vaults_little_squares_1,
          nicolae_vaults_big_ls, vaults_room_stairs_pillars,
          layout_vaults_maze_bifur, uniq_bai_suzhen
Vaults:5: serial_shops

Skill      XL: |  1  2  3  4  5  6  7  8  9 10 11 12 13 14 15 16 17 18 19 20 21 22 |
---------------+-------------------------------------------------------------------+-----
Axes           | 2 3 4 5 6 8 9 10 11 12 13 14 15 | 15.9
Armour         | 3 4 5 6 7 8 9 10 11 12 | 12.6
Shields        | 3 4 5 6 7 8 10 11 12 13 14 15 16 17 18 19 20 | 20.3
Dodging        | 1 2 3 4 |  4.5
Fighting       | 4 5 6 7 8 9 10 11 12 13 15 | 15.5
Stealth        | 1 |  1.9
Polearms       | 1 |  1.6
Invocations    | 3 5 7 9 10 12 13 14 15 16 17 19 20 21 | 21.3
Evocations     | 2 3 5 6 8 9 10 11 12 13 14 15 16 17 | 17.1
Throwing       | 1 |  1.2
Maces & Flails | |  0.1

Action                   |  1- 3 |  4- 6 |  7- 9 | 10-12 | 13-15 | 16-18 | 19-21 | 22-24 || total
-------------------------+-------+-------+-------+-------+-------+-------+-------+-------++-------
Melee: War axe           |   115 |   140 |   301 |   719 |  1135 |  1490 |  1522 |   100 ||  5522
       Spear             |       |       |    20 |       |       |       |       |       ||    20
       Headbutt          |       |       |    62 |   156 |   319 |   396 |   455 |    41 ||  1429
       Whip              |       |       |       |       |    40 |       |       |       ||    40
       Broad axe         |       |       |       |       |       |       |    40 |       ||    40
       Demon trident     |       |       |       |       |       |       |     9 |       ||     9
Throw: Stone             |       |     3 |     1 |       |       |       |       |       ||     4
       Dart              |       |       |       |     5 |       |       |       |       ||     5
       Boomerang         |       |       |       |       |       |     5 |     5 |       ||    10
Invok: Elemental Force   |       |       |       |     2 |     5 |     9 |    10 |       ||    26
       Upheaval          |       |       |       |     1 |    18 |    12 |     6 |     2 ||    39
       Disaster Area     |       |       |       |       |     1 |     2 |     1 |     1 ||     5
Evoke: Wand              |       |     1 |       |     8 |     3 |     1 |     2 |     1 ||    16
       Condenser vane    |       |       |       |       |     1 |     3 |     3 |       ||     7
       Lightning rod     |       |       |       |       |       |     1 |     1 |       ||     2
       Phantom mirror    |       |       |       |       |       |       |     2 |       ||     2
  Use: Scroll            |     7 |     3 |    10 |    13 |    10 |     6 |     8 |       ||    57
       Potion            |       |     1 |     3 |     5 |     5 |     1 |     7 |       ||    22
 Stab: Paralysed         |       |     4 |       |       |     4 |     5 |     2 |       ||    15
       Distracted        |       |       |       |       |     1 |     2 |     1 |       ||     4
       Confused          |       |       |       |       |       |     2 |       |       ||     2
Armor: Scale mail        |    42 |     7 |       |       |       |       |       |       ||    49
       Chain mail        |       |    89 |     4 |       |       |       |       |       ||    93
       Plate armour      |       |       |   196 |   375 |   692 |   739 |   902 |    98 ||  3002
Dodge: Dodged            |    51 |    30 |    90 |   163 |   259 |   362 |   363 |    47 ||  1365
       Repelled          |       |       |       |       |     7 |    44 |    19 |     2 ||    72
Block: Buckler           |    59 |    63 |   244 |   903 |  1646 |  2093 |  2100 |   192 ||  7300
       Reflection        |       |       |       |    25 |    12 |   189 |   169 |    21 ||   416

Table legend: (Time is in decaauts)
 A = Elapsed time spent in this place.
 B = Non-inter-level travel time spent in this place.
 C = Inter-level travel time spent in this place.
 D = Time resting spent in this place.
 E = Time spent auto-exploring this place.
 F = Levels seen in this place.
 G = Mean time per level.
                   A        B        C        D        E       F      G
               +--------+--------+--------+--------+--------+-----+--------+
         Total |  54442 |  50680 |   3762 |   8047 |  18109 |  42 | 1296.2 |
       Dungeon |  18380 |  16766 |   1614 |   2019 |   6941 |  15 | 1225.3 |
        Temple |     64 |     64 |      0 |      0 |      0 |   1 |   64.0 |
          Lair |   6973 |   6160 |    813 |    836 |   3070 |   6 | 1162.2 |
        Shoals |   5942 |   5727 |    215 |   1024 |   2049 |   4 | 1485.5 |
     Snake Pit |   5515 |   5305 |    210 |    826 |   1438 |   4 | 1378.8 |
  Orcish Mines |   3043 |   2868 |    175 |   1094 |    686 |   2 | 1521.5 |
   Elven Halls |   7521 |   7104 |    417 |   1526 |   1849 |   3 | 2507.0 |
        Vaults |   6711 |   6396 |    315 |    718 |   2074 |   5 | 1342.2 |
         Abyss |    288 |    288 |      0 |      4 |      0 |   2 |  144.0 |
               +--------+--------+--------+--------+--------+-----+--------+

Top non-repeatable levels by time:
   Elf:2: 2701 daAuts
     D:9: 2650 daAuts
   Elf:1: 2566 daAuts
   Elf:3: 2253 daAuts
Vaults:4: 2152 daAuts
    D:13: 2148 daAuts
Shoals:4: 1781 daAuts
 Snake:1: 1775 daAuts
Vaults:2: 1749 daAuts
Shoals:3: 1745 daAuts
     D:8: 1736 daAuts
   Orc:1: 1601 daAuts
 Snake:4: 1517 daAuts
Vaults:3: 1514 daAuts
    D:12: 1494 daAuts
